 Dungeon Crawl Stone Soup version 0.23-a0-860-g8ff03fb (webtiles) character file.

408447 tilp the Slayer (level 23, -4/203 HPs)
             Began as a Merfolk Ice Elementalist on Jan 27, 2019.
             Was the Champion of Makhleb.
             Killed from afar by a frost giant (34 damage)
             ... with a bolt of cold
             ... on level 4 of the Depths.
             The game lasted 05:43:50 (84056 turns).

tilp the Slayer (Merfolk Ice Elementalist)         Turns: 84056, Time: 05:43:51

Health: -4/203     AC: 14    Str: 17    XL:     23   Next: 45%
Magic:  41/41      EV: 32    Int: 21    God:    Makhleb [******]
Gold:   3078       SH:  4    Dex: 17    Spells: 23/50 levels left

rFire    . . .     SeeInvis +   Z - +9 glaive (vamp)
rCold    . . .     Gourm    .   (shield currently unavailable)
rNeg     . . .     Faith    .   J - +1 robe {Archmagi}
rPois    .         Spirit   .   g - +2 hat {SInv}
rElec    .         Reflect  +   N - +1 cloak {MR+}
rCorr    .         Harm     .   i - +2 pair of gloves {Str+3}
MR       ++...                  B - +2 pair of boots
Stlth    +++.......             S - +4 amulet of reflection
HPRegen  0.43/turn              X - +4 ring of evasion
MPRegen  0.27/turn              O - +5 ring of strength

@: no status effects
A: change form in water, swift swim, stealthy swim
}: 2/15 runes: decaying, serpentine
a: Minor Destruction, Lesser Servant of Makhleb, Major Destruction, Greater
Servant of Makhleb, Renounce Religion


You were on level 4 of the Depths.
You worshipped Makhleb.
Makhleb was exalted by your worship.
You were not hungry.

You visited 8 branches of the dungeon, and saw 40 of its levels.

You collected 3694 gold pieces.
You spent 616 gold pieces at shops.

Inventory:

Hand Weapons
 r - a +6 bardiche of freezing
 Z - a +9 vampiric glaive (weapon)
Missiles
 e - 4 throwing nets
 l - 37 tomahawks (quivered)
Armour
 g - a +2 hat of see invisible (worn)
 i - a +2 pair of gloves of strength (worn)
 B - a +2 pair of boots (worn)
 F - a +2 helmet of intelligence
 J - a +1 robe of the Archmagi (worn)
 N - a +1 cloak of magic resistance (worn)
 Q - the +6 scale mail of a sewer {rPois rF+}
   (You found it on level 5 of the Lair of Beasts)

   It protects you from fire.
   It protects you from poison.
Magical Staves
 E - an uncursed staff of cold
Jewellery
 a - an uncursed ring of protection from cold
 m - an uncursed ring of positive energy
 v - an uncursed ring of protection from fire
 O - a +5 ring of strength (right hand)
 S - a +4 amulet of reflection (around neck)
 W - an uncursed ring of resist corrosion
 X - a +4 ring of evasion (left hand)
Wands
 k - a wand of clouds (4)
 x - a wand of disintegration (17)
 D - a wand of digging (2)
 R - a wand of paralysis (10)
 V - a wand of acid (9)
 Y - a wand of polymorph (4)
Scrolls
 d - 13 scrolls of remove curse
 f - a scroll of silence
 h - 14 scrolls of teleportation
 q - 2 scrolls of fear
 s - 4 scrolls of amnesia
 t - 3 scrolls of blinking
 y - 5 scrolls of magic mapping
 H - 2 scrolls of fog
 U - 4 scrolls of identify
Potions
 b - 4 potions of cancellation
 n - 5 potions of heal wounds
 o - a potion of invisibility
 p - a potion of resistance
 u - 3 potions of might
 w - 4 potions of magic
 z - 10 potions of curing
 A - 5 potions of haste
 C - 7 potions of brilliance
 G - 4 potions of flight
 K - 3 potions of agility
 M - 8 potions of mutation
 P - a potion of berserk rage
Miscellaneous
 j - a phantom mirror
 I - a lightning rod (4/4)
 L - a phial of floods
Comestibles
 c - 26 rations
 T - 10 chunks of flesh


   Skills:
 - Level 22.0 Fighting
 - Level 20.0 Polearms
 - Level 5.0 Armour
 - Level 20.0 Dodging
 - Level 4.0 Stealth
 - Level 14.0 Spellcasting
 - Level 0.7 Conjurations
 - Level 4.2 Hexes
 - Level 4.0 Charms
 + Level 16.3 Ice Magic
 - Level 14.0 Invocations
 - Level 10.0 Evocations


You had 23 spell levels left.
You knew the following spells:

 Your Spells              Type           Power        Failure   Level  Hunger
a - Freeze                Ice            ####         0%          1    None
b - Throw Frost           Conj/Ice       ######       1%          2    None
c - Ozocubu's Armour      Chrm/Ice       ######..     1%          3    None
d - Throw Icicle          Conj/Ice       ######..     1%          4    None
e - Summon Ice Beast      Ice/Summ       ######..     1%          4    None
f - Regeneration          Chrm/Necr      ####......   5%          3    None
g - Slow                  Hex            #####...     1%          2    None
h - Swiftness             Chrm/Air       ####....     2%          2    None
i - Confuse               Hex            #####...     2%          3    None
j - Tukima's Dance        Hex            #####...     2%          3    None

Your spell library contained the following spells:

 Spells                   Type           Power        Failure   Level  Hunger
 Corona                   Hex            #####..      1%          1    None
 Ensorcelled Hibernation  Hex/Ice        ######       1%          2    None
 Ice Form                 Ice/Tmut       ######..     1%          4    None
 Flame Tongue             Conj/Fire      ###..        3%          1    None
 Animate Skeleton         Necr           N/A          4%          1    None
 Beastly Appendage        Tmut           ###...       4%          1    None
 Pain                     Necr           ###.         4%          1    None
 Summon Small Mammal      Summ           ###.         4%          1    None
 Dazzling Spray           Conj/Hex       #####.       4%          3    None
 Inner Flame              Hex/Fire       #####...     5%          3    None
 Portal Projectile        Hex/Tloc       #####.       5%          3    None
 Summon Guardian Golem    Hex/Summ       #####...     5%          3    None
 Call Imp                 Summ           ###.....     6%          2    None
 Passwall                 Tmut/Erth      ###.....     6%          2    None
 Sticks to Snakes         Tmut           ###.....     6%          2    None
 Cause Fear               Hex            #####.....   8%          4    None
 Call Canine Familiar     Summ           ###.....     13%         3    None
 Gell's Gravitas          Tloc           ###.......   13%         3    None
 Recall                   Summ/Tloc      N/A          13%         3    None
 Spider Form              Tmut/Pois      ###.......   13%         3    None
 Vampiric Draining        Necr           ###.......   13%         3    None
 Leda's Liquefaction      Hex/Erth       #####.....   19%         4    None
 Simulacrum               Ice/Necr       ######....   24%         6    #####..
 Force Lance              Conj/Tloc      ###.....     36%         4    None
 Animate Dead             Necr           N/A          38%         4    None
 Passage of Golubria      Tloc           N/A          38%         4    None
 Summon Lightning Spire   Summ/Air       ###.....     38%         4    None
 Iskenderun's Battlesphe  Conj/Chrm      #####...     41%         5    ###....
 Venom Bolt               Conj/Pois      ###.......   71%         5    ###....
 Bolt of Magma            Conj/Fire/Erth ###.......   73%         5    ###....
 Blade Hands              Tmut           ###.......   75%         5    ###....
 Borgnjor's Vile Clutch   Necr/Erth      ###.......   75%         5    ###....
 Lee's Rapid Deconstruct  Erth           ###.......   75%         5    ###....
 Darkness                 Hex            #####.....   75%         6    #####..
 Invisibility             Hex            #####...     75%         6    #####..
 Bolt of Fire             Conj/Fire      ###.......   99%         6    #####..
 Iron Shot                Conj/Erth      ###.......   99%         6    #####..
 Death Channel            Necr           ###.......   100%        6    #####..
 Dispersal                Tloc           ###.......   100%        6    #####..
 Dragon Form              Tmut           ###.......   100%        7    ######.
 Malign Gateway           Summ/Tloc      ###.......   100%        7    ######.
 Monstrous Menagerie      Summ           ###.......   100%        7    ######.
 Orb of Destruction       Conj           ####......   100%        7    ######.
 Spellforged Servitor     Conj/Summ      ###.......   100%        7    ######.
 Summon Greater Demon     Summ           ###.......   100%        7    ######.
 Controlled Blink         Tloc           N/A          100%        8    #######
 Disjunction              Tloc           ###.......   100%        8    #######
 Summon Horrible Things   Summ           ###.......   100%        8    #######
 Dragon's Call            Summ           ###.......   100%        9    #######


Dungeon Overview and Level Annotations

Branches:
Dungeon (15/15)            Temple (1/1) D:7            Lair (6/6) D:8
  Swamp (4/4) Lair:3        Snake (4/4) Lair:3        Slime (0/5) Lair:6
    Orc (2/2) D:10            Elf (0/3) Orc:2        Vaults (4/5) D:14
  Crypt (0/3) Vaults:3     Depths (4/5) D:15

Altars:
Ashenzari
Cheibriados
Dithmenos
Fedhas
Gozag
Kikubaaqudgha
Makhleb
Ru
Sif Muna
Trog
Uskayaw
Vehumet
Wu Jian
Yredelemnul
Zin
The Shining One
Jiyva

Shops:
D:9 (   D:12 (   Orc:2 (:*(   Snake:3 }   Vaults:3 (

Portals:
Hell: Depths:1 Depths:2 Depths:3 Depths:4
Abyss: Depths:1
Pandemonium: Depths:1 Depths:2 Depths:3
Ziggurat: Depths:3

Annotations:
Swamp:1 Frances, Roxanne
Depths:2 exclusion: door


Message History

You barely miss the vampire knight.
The vampire knight is severely damaged.
The vampire knight completely misses you.
The vampire knight misses you.
The vampire knight bites you but does no damage.
As you read the scroll of teleportation, it crumbles to dust.
You feel strangely unstable.
The vampire knight is infused with unholy energy.
* * * LOW HITPOINT WARNING * * *
The vampire knight draws life force from you and is healed!
The vampire knight hits you but does no damage.
Your icy armour cracks and falls away as you move.
The vampire knight blinks!
Your surroundings suddenly seem different.
A centaur warrior comes into view.
A frost giant comes into view.
It is wielding a +2 battleaxe of freezing.
The frost giant shouts!
You hear a shout!
The frost giant casts a spell at you. The bolt of cold hits you!!
You die...

#..#V#.#...#[#.
#..........###. .#
#.............. .#
#.V...........# .#
............#.# .#
.#.....#.####.# .#
.......'......# .#
.......#.###..###.######
#.#.#.#.#.#.#.#.@.......
.<.............########.
#.#. .#.#.#.#.## .. ..
........ #.# #.#.#C#.#
.... ......... #.#.
#.#.# #.# .# .... c## #.
.


You could see a frost giant.

Vanquished Creatures
  2 juggernauts (Depths:4)
  A golden dragon (Depths:4)
  2 liches
  Rupert (Lair:3)
  4 sphinxes
  Kirke (Swamp:2)
  A storm dragon (Depths:4)
  2 thorn hunters (Swamp:4)
  A shadow dragon (Depths:4)
  5 tengu reavers
  10 nagarajas
  7 frost giants
  2 iron dragons
  7 fire giants
  2 deep elf sorcerers
  A fire giant (shapeshifter) (Vaults:4)
  15 vault wardens
  A reaper (Depths:3)
  5 ironheart preservers
  A spriggan defender (Depths:2)
  An entropy weaver (Vaults:3)
  16 stone giants
  15 very ugly things
  A ghoul (Vaults:4)
  A spark wasp (Depths:4)
  Snorg (D:10)
  A dire elephant (Lair:6)
  7 ettins
  A merfolk javelineer (Depths:1)
  3 fire dragons
  10 yaktaur captains
  7 great orbs of eyes
  5 rakshasas
  18 naga warriors
  Harold (Orc:1)
  9 vault guards
  7 ice dragons
  A hell beast (Depths:3)
  4 spriggan air magi
  13 hydras
  3 ghost crabs
  16 centaur warriors
  A death knight (Vaults:4)
  13 anacondas
  A catoblepas (Lair:6)
  A dancing weapon (Vaults:4)
  2 shambling mangroves (Swamp:4)
  29 two-headed ogres
  Urug (Lair:1)
  3 tengu warriors
  7 ogre magi
  11 deep troll shamans
  3 orc high priests (Orc:2)
  7 death yaks
  3 spriggan berserkers
  10 alligators
  6 deep troll earth magi
  2 vampire magi
  11 naga sharpshooters
  2 spriggans (Depths:3)
  11 shock serpents
  A storm dragon zombie (Depths:1)
  Sonja (Lair:1)
  4 skeletal warriors (D:15)
  A soul eater (Depths:1)
  6 deep elf knights
  3 sea snakes
  5 iron trolls
  3 sixfirhies
  9 unseen horrors
  A storm dragon skeleton (Depths:2)
  2 glowing orange brains
  A deep troll (shapeshifter) (Vaults:4)
  2 flayed ghosts
  A spark wasp zombie (Depths:1)
  17 deep trolls
  An unseen horror (shapeshifter) (Vaults:2)
  4 spriggan druids
  9 ironbrand convokers
  15 swamp dragons
  A torturous demonspawn (Depths:1)
  5 harpies
  28 orc knights
  3 naga ritualists (Snake:4)
  3 phantasmal warriors
  3 wizards
  A sphinx zombie (Vaults:2)
  A tengu zombie (Vaults:2)
  6 necromancers
  4 wolf spiders
  A harpy (shapeshifter) (Vaults:4)
  10 mana vipers
  A mana viper (shapeshifter) (Depths:1)
  3 manticores
  7 cyclopes
  A frost giant zombie (Depths:2)
  49 ugly things
  7 deep elf magi
  6 orc sorcerers
  2 fire giant skeletons (Vaults:4)
  4 human skeletons
  11 salamanders
  Joseph (Lair:1)
  A black mamba (shapeshifter) (Vaults:2)
  A rust devil (Depths:2)
  Maurice (D:13)
  29 black mambas
  3 centaur zombies
  9 vault sentinels
  15 spiny frogs
  3 gargoyles
  14 elephants
  A spiny frog (shapeshifter) (Vaults:1)
  23 naga magi
  2 orange demons (Depths:3)
  22 guardian serpents
  Psyche (D:9)
  A yaktaur zombie (Vaults:2)
  A yaktaur (shapeshifter) (Depths:4)
  A rime drake (Lair:4)
  3 komodo dragons
  10 freezing wraiths
  A komodo dragon (shapeshifter) (Vaults:2)
  6 tengu conjurers
  A tormentor (Depths:1)
  49 yaktaurs
  2 red devils
  10 tyrant leeches
  A jumping spider (Vaults:3)
  2 trolls (shapeshifter)
  7 trolls
  A queen bee (shapeshifter) (Vaults:1)
  A hornet (shapeshifter) (Vaults:3)
  4 polar bears
  9 hornets
  An iron dragon simulacrum (Depths:1)
  8 blink frogs
  10 bog bodies
  40 slime creatures
  10 hippogriffs
  A dream sheep (Lair:1)
  A hippogriff (shapeshifter) (Vaults:1)
  A snapping turtle (shapeshifter) (D:15)
  A spriggan zombie (Depths:1)
  An ettin skeleton (Depths:1)
  3 redbacks
  A tarantella (Vaults:3)
  11 water elementals
  3 shadows
  2 basilisks
  47 yaks
  2 wyverns
  A human (D:9)
  A fire bat (shapeshifter) (D:15)
  6 wraiths
  A hog (shapeshifter) (D:15)
  8 hogs
  A yak (shapeshifter) (Vaults:1)
  15 vampire mosquitoes
  Edmund (D:6)
  4 human zombies (Vaults:2)
  5 wargs
  A chaos spawn (Depths:3)
  4 soldier ants
  15 swamp worms
  6 hungry ghosts
  58 nagas
  An acid dragon (D:15)
  A water moccasin (shapeshifter) (Vaults:4)
  A floating eye (Depths:4)
  3 hell hounds (Depths:3)
  9 porcupines
  12 water moccasins
  35 orc warriors
  12 swamp drakes
  2 phantoms
  2 sky beasts
  4 ice beasts
  An ice beast (shapeshifter) (Vaults:3)
  A black bear (shapeshifter) (Depths:3)
  An eye of draining (D:10)
  A hornet zombie (D:11)
  2 black bears (D:7)
  2 necrophages
  17 ogres
  24 centaurs
  19 wolves
  10 boggarts
  19 crocodiles
  2 big kobolds
  21 bullfrogs
  2 gnoll sergeants
  A wyvern zombie (D:14)
  3 troll zombies (D:10)
  4 scorpions
  16 killer bees
  4 electric eels
  7 howler monkeys
  8 wights
  13 crimson imps
  6 quasits
  5 hounds
  25 orc priests
  7 centaur skeletons
  3 human simulacra
  2 gnoll shamans (D:6)
  A jelly (D:9)
  A bullfrog skeleton (D:7)
  2 iron imps (Depths:3)
  25 orc wizards
  15 worker ants
  7 iguanas
  4 ogre zombies (D:10)
  A howler monkey zombie (D:6)
  45 gnolls
  19 adders
  7 shadow imps
  3 white imps
  2 ufetubi
  2 adder zombies (D:8)
  A worm (D:1)
  2 dart slugs
  4 leopard geckos
  95 orcs
  4 giant cockroaches
  5 goblins
  6 hobgoblins
  35 jackals
  18 kobolds
  5 quokkas
  2 ball pythons
  7 bats
  4 frilled lizards
  4 goblin zombies (D:10)
  2 hobgoblin skeletons (D:10)
  2 hobgoblin zombies (D:10)
  5 orc skeletons
  11 orc zombies (D:10)
  A quokka zombie (D:6)
  6 rats
  2 fungi
  4 plants
1752 creatures vanquished.

Vanquished Creatures (collateral kills)
  A juggernaut (Depths:2)
  Jorgrun (Swamp:1)
  Gastronok (Lair:1)
  A stone giant (Depths:2)
  Josephine (Orc:1)
  Erolcha (D:10)
  11 hydras
  A shambling mangrove (Swamp:3)
  2 deep elf knights (Vaults:2)
  An ironbrand convoker (Vaults:2)
  2 orc knights
  A harpy (Depths:3)
  An orc sorcerer (Orc:2)
  An ugly thing (Depths:2)
  5 elephants
  A spiny frog (Swamp:3)
  A freezing wraith (Vaults:2)
  A yaktaur (Vaults:2)
  14 blink frogs
  3 yaks
  A wyvern (Lair:6)
  A wraith (Orc:1)
  A hog (Swamp:2)
  A basilisk (shapeshifter) (D:15)
  A swamp worm (Swamp:2)
  2 nagas (Lair:3)
  2 porcupines (Lair:3)
  2 orc warriors
  A crocodile (Lair:4)
  An orc priest (Orc:2)
  An ogre zombie (D:10)
  3 orcs
  An orc skeleton (D:10)
  6 fungi
  A plant (Lair:6)
76 creatures vanquished.

Vanquished Creatures (others)
  A briar patch (Swamp:4)
  34 fungi
  46 plants
  4 toadstools (D:1)
85 creatures vanquished.

Grand Total: 1913 creatures vanquished

Notes
Turn   | Place    | Note
-------+----------+-------------------------------------------
     0 | D:1      | tilp the Merfolk Ice Elementalist began the quest for the
                  | Orb.
     0 | D:1      | Reached XP level 1. HP: 13/13 MP: 3/3
   345 | D:1      | Reached XP level 2. HP: 19/19 MP: 1/5
  1425 | D:1      | Reached XP level 3. HP: 20/24 MP: 0/6
  1599 | D:2      | Reached skill level 5 in Ice Magic
  1933 | D:2      | Reached XP level 4. HP: 29/30 MP: 4/7
  2214 | D:2      | Found a shattered altar of Ashenzari.
  2348 | D:2      | Found a deep blue altar of Sif Muna.
  2486 | D:2      | Found an opulent altar of Gozag.
  2487 | D:2      | Found a snail-covered altar of Cheibriados.
  2518 | D:2      | Found a sacrificial altar of Ru.
  2604 | D:3      | Reached XP level 5. HP: 35/35 MP: 0/8
  2966 | D:3      | Reached skill level 1 in Fighting
  3038 | D:3      | Noticed a hippogriff
  3499 | D:4      | Learned a level 2 spell: Throw Frost
  3503 | D:4      | Learned a level 3 spell: Ozocubu's Armour
  3517 | D:4      | Reached skill level 2 in Fighting
  3529 | D:4      | Reached XP level 6. HP: 30/44 MP: 2/9
  3714 | D:4      | Found a shadowy altar of Dithmenos.
  4024 | D:4      | Reached skill level 3 in Fighting
  4075 | D:4      | Reached skill level 5 in Dodging
  4479 | D:5      | Entered Level 5 of the Dungeon
  4479 | D:5      | Noticed an ice beast
  4488 | D:5      | Killed an ice beast
  4488 | D:5      | Reached XP level 7. HP: 27/53 MP: 6/10
  4761 | D:5      | Reached skill level 4 in Fighting
  4882 | D:5      | Reached skill level 5 in Fighting
  4960 | D:5      | Found a glowing golden altar of the Shining One.
  4972 | D:5      | Found an ancient bone altar of Kikubaaqudgha.
  5281 | D:5      | Reached skill level 6 in Fighting
  5625 | D:6      | Reached skill level 1 in Polearms
  5728 | D:6      | Reached XP level 8. HP: 61/64 MP: 6/11
  6015 | D:6      | Reached skill level 5 in Polearms
  6991 | D:6      | Found a runed translucent door.
  6995 | D:6      | Noticed Edmund
  6998 | D:6      | Found a runed translucent gate.
  6998 | D:6      | Found a runed translucent gate.
  7119 | D:6      | Found a runed translucent door.
  7121 | D:6      | Found the +9 staff of Olgreb {rPois}
  7142 | D:6      | Found a runed translucent gate.
  8163 | D:6      | Reached XP level 9. HP: 50/69 MP: 4/12
  8185 | D:6      | Reached skill level 10 in Polearms
  8897 | D:7      | Found a staircase to the Ecumenical Temple.
  8910 | Temple   | Entered the Ecumenical Temple
  8920 | Temple   | Became a worshipper of Makhleb the Destroyer
 10028 | D:8      | Found a staircase to the Lair.
 10193 | D:7      | Reached * piety under Makhleb
 10609 | D:7      | Reached XP level 10. HP: 58/76 MP: 7/13
 10834 | D:8      | Reached skill level 15 in Polearms
 11566 | D:8      | Got a smoking robe
 11570 | D:8      | Found a bloodstained altar of Trog.
 12177 | D:9      | Noticed Psyche
 12978 | D:9      | Found Niro Yss's Antique Weapon Boutique.
 13012 | D:9      | Reached ** piety under Makhleb
 13213 | D:9      | Learned a level 4 spell: Throw Icicle
 13218 | D:9      | Learned a level 4 spell: Summon Ice Beast
 13222 | D:9      | Learned a level 3 spell: Regeneration
 13242 | D:10     | Entered Level 10 of the Dungeon
 14032 | D:10     | Reached skill level 5 in Spellcasting
 14043 | D:10     | Reached XP level 11. HP: 67/81 MP: 15/18
 14143 | D:10     | Reached *** piety under Makhleb
 14320 | D:10     | Reached skill level 1 in Invocations
 14437 | D:10     | Reached skill level 1 in Evocations
 14743 | D:10     | Noticed Erolcha
 14969 | D:10     | Noticed a seven-headed hydra
 15277 | D:10     | Found a staircase to the Orcish Mines.
 15406 | D:10     | Reached **** piety under Makhleb
 15443 | D:10     | Noticed Snorg
 15830 | Lair:1   | Entered Level 1 of the Lair of Beasts
 15830 | Lair:1   | Found a deep blue altar of Sif Muna.
 16352 | Lair:1   | Noticed Gastronok
 16352 | Lair:1   | Noticed a six-headed hydra
 16694 | Lair:1   | Noticed Urug
 16886 | Lair:1   | Reached skill level 5 in Invocations
 17093 | Lair:1   | Killed a six-headed hydra
 17093 | Lair:1   | Reached skill level 5 in Evocations
 17228 | Lair:1   | Killed Gastronok
 17228 | Lair:1   | Reached skill level 7 in Fighting
 18054 | Lair:1   | Reached skill level 8 in Fighting
 18369 | Lair:1   | Noticed Sonja
 18375 | Lair:1   | Noticed Joseph
 18526 | Lair:2   | Reached XP level 12. HP: 94/94 MP: 21/21
 18679 | Lair:2   | Identified the +2 robe of the Constellations {rCorr Str+7
                  | Int-5} (You found it on level 8 of the Dungeon)
 18775 | Lair:2   | Noticed a seven-headed hydra
 18785 | Lair:2   | Killed a seven-headed hydra
 18785 | Lair:2   | Reached skill level 9 in Fighting
 19842 | Lair:3   | Reached skill level 10 in Fighting
 20712 | Lair:3   | Found a staircase to the Snake Pit.
 20837 | Lair:3   | Noticed an eight-headed hydra
 20857 | Lair:3   | Noticed Rupert
 21981 | Lair:4   | Found an ornate altar of the Wu Jian Council.
 22745 | Lair:4   | Noticed a four-headed hydra
 22757 | Lair:4   | Killed a four-headed hydra
 23167 | Lair:4   | Reached skill level 11 in Fighting
 23439 | Lair:4   | Reached XP level 13. HP: 105/106 MP: 17/25
 24088 | Lair:5   | Got a brightly glowing scale mail
 24216 | Lair:5   | Reached skill level 10 in Dodging
 24396 | Lair:5   | Reached skill level 12 in Fighting
 25233 | Lair:6   | Entered Level 6 of the Lair of Beasts
 25738 | Lair:6   | Reached skill level 10 in Ice Magic
 25785 | Lair:6   | Learned a level 2 spell: Slow
 25788 | Lair:6   | Learned a level 2 spell: Swiftness
 25792 | Lair:6   | Learned a level 3 spell: Confuse
 26289 | Lair:6   | Found a viscous altar of Jiyva.
 26290 | Lair:6   | Found a staircase to the Slime Pits.
 26998 | Lair:6   | Reached XP level 14. HP: 116/116 MP: 23/26
 27101 | Lair:6   | Reached skill level 13 in Fighting
 27832 | Lair:6   | Noticed a dire elephant
 27853 | Lair:6   | Killed a dire elephant
 27999 | Lair:6   | Reached skill level 14 in Fighting
 28178 | Lair:6   | Identified the +6 scale mail of a sewer {rPois rF+} (You
                  | found it on level 5 of the Lair of Beasts)
 28429 | D:6      | Killed Edmund
 28747 | D:9      | Killed Psyche
 29102 | D:10     | Killed Erolcha
 29407 | D:10     | Killed Snorg
 30184 | D:12     | Found Zucsoitt's Weapon Emporium.
 30192 | D:12     | Bought a +1 vampiric glaive for 291 gold pieces
 30415 | Orc:1    | Entered Level 1 of the Orcish Mines
 30450 | Orc:1    | Noticed Harold
 30475 | Orc:1    | Killed Harold
 30475 | Orc:1    | Reached skill level 15 in Fighting
 30773 | Orc:1    | Noticed Josephine
 30951 | Orc:1    | Killed Josephine
 31570 | Orc:2    | Entered Level 2 of the Orcish Mines
 31570 | Orc:2    | Found Pufeanie's Antique Weapon Shoppe.
 31973 | Orc:2    | Found a staircase to the Elven Halls.
 33913 | Orc:2    | Paralysed by an orc sorcerer for 3 turns
 34232 | Orc:2    | Found Fueras's Book Shop.
 34232 | Orc:2    | Found Lebeiwen's Antique Weapon Shoppe.
 34238 | Orc:2    | Found Ugaecodgh's Food Shoppe.
 34238 | Orc:2    | Found Fegut's General Store.
 34248 | Orc:2    | Bought a scroll of identify for 26 gold pieces
 34301 | Orc:2    | Bought a dazzling glaive for 299 gold pieces
 34625 | D:13     | Noticed Maurice
 34641 | D:13     | Killed Maurice
 34641 | D:13     | Reached XP level 15. HP: 56/129 MP: 21/27
 35089 | D:13     | Identified the cursed +1 glaive of Ricyn {flame, Dex+2}
                  | (You bought it in a shop on level 2 of the Orcish Mines)
 35129 | D:13     | Reached ***** piety under Makhleb
 35412 | D:14     | Got a crude ring mail
 36621 | D:14     | Found a gate to the Vaults.
 36815 | D:15     | Entered Level 15 of the Dungeon
 38890 | D:15     | Found a staircase to the Depths.
 38989 | D:15     | Learned a level 3 spell: Tukima's Dance
 39223 | Lair:1   | Killed Joseph
 39234 | Lair:1   | Killed Sonja
 39269 | Lair:1   | Killed Urug
 39269 | Lair:1   | Reached XP level 16. HP: 136/136 MP: 28/28
 39568 | Lair:3   | Killed Rupert
 39809 | Lair:3   | Found a staircase to the Swamp.
 39841 | Swamp:1  | Entered Level 1 of the Swamp
 40160 | Swamp:1  | Identified Roxanne's Grimoire of Earth
 40160 | Swamp:1  | Noticed Roxanne
 40287 | Swamp:1  | Noticed Jorgrun
 40305 | Swamp:1  | Killed Jorgrun
 40523 | Swamp:1  | Noticed Frances
 41318 | Swamp:2  | Noticed Kirke
 41323 | Swamp:1  | Reached skill level 10 in Invocations
 41404 | Swamp:2  | Killed Kirke
 41435 | Swamp:2  | Reached skill level 10 in Evocations
 43190 | Swamp:3  | Found a glowing golden altar of the Shining One.
 43495 | Swamp:4  | Entered Level 4 of the Swamp
 45284 | Swamp:4  | Reached skill level 16 in Fighting
 46180 | Swamp:4  | Reached XP level 17. HP: 144/144 MP: 26/29
 46308 | Swamp:3  | HP: 6/144 [white very ugly thing (29)]
 48061 | Swamp:4  | Reached skill level 15 in Dodging
 49094 | Swamp:4  | Got a decaying rune of Zot
 49412 | Snake:1  | Entered Level 1 of the Snake Pit
 49856 | Snake:1  | Reached skill level 17 in Fighting
 53078 | Snake:2  | Identified the +0 ring mail "Sopapibe" {*Drain rElec Str+4}
                  | (You found it on level 14 of the Dungeon)
 53669 | Snake:2  | Identified the +9 rapier of Equilibrium {freeze, +Inv rC++
                  | Int+3}
 54350 | Snake:3  | Found Imour's Gadget Emporium.
 54433 | Snake:3  | Reached XP level 18. HP: 150/156 MP: 8/30
 54617 | Snake:3  | Reached skill level 18 in Fighting
 56367 | Snake:4  | Entered Level 4 of the Snake Pit
 56692 | Snake:4  | Identified a scroll of acquirement
 60523 | Snake:4  | Reached XP level 19. HP: 163/163 MP: 25/31
 60984 | Snake:4  | Got a serpentine rune of Zot
 61325 | Vaults:1 | Entered Level 1 of the Vaults
 63051 | Vaults:1 | Reached ****** piety under Makhleb
 66150 | Vaults:2 | Reached skill level 10 in Spellcasting
 66800 | Vaults:2 | Reached XP level 20. HP: 172/172 MP: 34/34
 67495 | Vaults:2 | Reached skill level 19 in Fighting
 69348 | Vaults:3 | Reached skill level 20 in Fighting
 70289 | Vaults:3 | Found Etoudig's Weapon Boutique.
 70366 | Vaults:3 | Found a staircase to the Crypt.
 70366 | Vaults:3 | Found an ancient bone altar of Kikubaaqudgha.
 70367 | Vaults:3 | Found a basalt altar of Yredelemnul.
 70508 | Vaults:3 | Found the amulet of the Air {Inacc +Fly rElec EV+5 RMsl}
 71570 | Vaults:4 | Noticed a lich
 71793 | Vaults:4 | Killed a lich
 72562 | Vaults:4 | Reached skill level 1 in Hexes
 72562 | Vaults:4 | Reached skill level 1 in Charms
 72624 | Vaults:4 | Reached XP level 21. HP: 183/183 MP: 37/37
 75475 | Depths:1 | Entered Level 1 of the Depths
 76005 | D:15     | Reached skill level 1 in Armour
 76208 | Depths:1 | Reached skill level 21 in Fighting
 76636 | Depths:1 | Found a one-way gate to the infinite horrors of the Abyss.
 77565 | Depths:1 | Found a one-way gate leading to the halls of Pandemonium.
 77874 | Depths:1 | Found a gateway to Hell.
 78268 | Depths:2 | Reached XP level 22. HP: 193/194 MP: 27/38
 79461 | Depths:2 | Noticed a juggernaut
 79481 | Depths:2 | Killed a juggernaut
 79481 | Depths:2 | Reached skill level 22 in Fighting
 80457 | Depths:2 | Reached skill level 5 in Armour
 80759 | Depths:3 | Found a gateway to a ziggurat.
 81517 | Depths:3 | Reached skill level 15 in Ice Magic
 82025 | Depths:3 | Paralysed by a sphinx for 2 turns
 82316 | Depths:4 | Noticed a juggernaut
 82316 | Depths:4 | Noticed a golden dragon
 82328 | Depths:4 | Paralysed by a floating eye for 2 turns
 82334 | Depths:4 | Paralysed by a floating eye for 3 turns
 82431 | Depths:3 | Reached XP level 23. HP: 169/203 MP: 36/39
 82883 | Depths:4 | Noticed a juggernaut
 82918 | Depths:4 | Killed a juggernaut
 83051 | Depths:4 | Killed a juggernaut
 83094 | Depths:4 | Identified the +9 short sword of Intimidation {freeze,
                  | rPois MR+}
 83358 | Depths:4 | Paralysed by a floating eye for 3 turns
 83371 | Depths:4 | Paralysed by a floating eye for 4 turns
 83384 | Depths:4 | Killed a golden dragon
 84056 | Depths:4 | Killed from afar by a frost giant

Vault maps used:
D:1:      minmay_arrival_loop, minmay_gold_behind_fungi
D:2:      nicolae_ru_path_of_blood, nicolae_overflow_hidden_temple,
          gammafunk_temple_overflow_statue, evilmike_ruin_ashenzari
D:4:      lemuel_crystal_altar, serial_rivers, chequers_serial_rivers_micro_d,
          chequers_serial_rivers_small_a, chequers_serial_rivers_micro_a,
          chequers_serial_rivers_room_a, chequers_serial_rivers_small_3,
          chequers_serial_rivers_micro_c
D:5:      chequers_temple_overflow_statue_of_worship, first_ration
D:6:      lemuel_castle_with_subvaults, minmay_guarded_unrand_staff_of_olgreb,
          uniq_edmund
D:7:      temple_statues
D:8:      overflow_temple_1_default, minmay_lair_entry_grove
D:9:      serial_shops, shop, grunt_livestock, uniq_psyche
D:10:     zombieorc2_lemuel, kennysheep_generic_room_13, uniq_snorg,
          uniq_erolcha
D:12:     serial_shops, shop
D:13:     uniq_maurice
D:14:     grunt_vaults_entry_fortified, serial_bayou_pond_b,
          minmay_misc_feat_room
D:15:     gammafunk_enter_depths_forms, serial_park_square2
Temple:   nicolae_temple_great_sept
Lair:1:   basic_altar, wad_woods_river_01, uniq_joseph, uniq_gastronok,
          uniq_sonja, uniq_urug
Lair:3:   minmay_swamp_entry_worms, minmay_snake_entry_guardpost_medium,
          uniq_rupert
Lair:4:   basic_altar, minmay_holes
Lair:6:   grunt_lair_end_beastmaster, dpeg_slime_entry_enclosed_altar,
          chequers_serial_rivers_small_3, infiniplex_staircase_pool
Swamp:1:  nicolae_swamp_round_clearing, uniq_jorgrun, uniq_roxanne, uniq_frances
Swamp:2:  nicolae_swamp_fairy_circle, uniq_kirke
Swamp:3:  basic_altar
Swamp:4:  swamp_basic_johnstein
Snake:1:  serial_bayou_pond_b, grunt_ministairs_1, nicolae_large_snake_swirl
Snake:2:  drop_trap
Snake:3:  serial_shops, nicolae_shop_waterfront, grunt_ministairs_14,
          serial_bayou_ford_a
Snake:4:  grunt_snake_rune_serpentine_throne, serial_bayou_pond_a
Orc:1:    uniq_josephine, uniq_harold
Orc:2:    grunt_orc_tribal_feast, serial_shops, shop
Vaults:1: nicolae_vaults_yaktaur_gun_rack, v_misc_3, ontoclasm_vaults_shuriken,
          hangedman_vaults_stretched_pinwheel, grunt_vaults_hallway_short
Vaults:2: hangedman_vaults_pinch, v_misc_33, vaults_room_octagon,
          nicolae_vaults_stairing_the_circle, vaults_room_fancy_cross,
          vaults_dpeg_cross, v_misc_10, nicolae_vaults_rhombus_7,
          vaults_room_grid, nicolae_vaults_little_ls,
          ontoclasm_vaults_decontamination, nicolae_vaults_ring_of_whatevers,
          ontoclasm_vaults_fault, nicolae_vaults_display_case
Vaults:3: minmay_crypt_entry_necro_gods, st_hourglassy,
          ontoclasm_vaults_claustrophobia, vaults_room_boxed, vaults_mumra_hex,
          v_alt_pattern_5, v_misc_14, nicolae_vaults_three_branches,
          serial_shops, nicolae_shop_stone
Vaults:4: nicolae_vaults_network_periphery, vaults_room_fancy_cross,
          dpeg_vaults_pockets_of_resistance, v_misc_22, v_misc_15, v_misc_12,
          ontoclasm_vaults_pinch, vaults_standard_mumra_enter_the_diamond,
          nicolae_vaults_little_squares_1, vaults_room_stairs_pillars
Depths:1: pf_hell_entry_tar_spiral, grunt_pan_entry_sceptre,
          abyss_entry_small_statue_room, skrybe_limestone_x,
          serial_bayou_pond_c, drop_trap, serial_bayou_pond_c,
          minmay_misc_feat_four_crosses, kennysheep_generic_room_16
Depths:2: abrahamwl_protected_by_tso_1, grunt_hell_entry_dis_mu, pan_entry,
          minmay_misc_feat_nine_boxes, nzn_random_ring
Depths:3: hangedman_hanging_gardens, enter_ziggurat_c, grunt_pan_entry_spiral,
          minivault_14, hell_entry
Depths:4: minmay_the_grid_octo_triangle, hell_entry, serial_glass,
          glass_columns_a, glass_columns_c, due_unseen_surprise,
          minmay_strange_pillars, item_on_display_a, item_on_display_a,
          abyss_entry, st_stairs_12, grunt_ministairs_8,
          minmay_guarded_unrand_vampires_tooth, firewood_loft

Skill      XL: |  1  2  3  4  5  6  7  8  9 10 11 12 13 14 15 16 17 18 19 20 21 22 23 |
---------------+----------------------------------------------------------------------+-----
Ice Magic      | 4 5 6 8 10 14 16 | 16.3
Dodging        | 3 5 6 8 11 12 14 17 18 19 20 | 20.0
Fighting       | 2 3 6 8 11 12 15 16 17 18 20 21 22 | 22.0
Polearms       | 3 9 14 16 18 20 | 20.0
Spellcasting   | 5 6 8 10 12 14 | 14.0
Invocations    | 5 8 10 14 | 14.0
Evocations     | 5 8 10 | 10.0
Stealth        | 4 |  4.0
Hexes          | 2 4 |  4.2
Charms         | 2 4 |  4.0
Armour         | 2 5 |  5.0
Conjurations   | |  0.7

Action                   |  1- 3 |  4- 6 |  7- 9 | 10-12 | 13-15 | 16-18 | 19-21 | 22-24 || total
-------------------------+-------+-------+-------+-------+-------+-------+-------+-------++-------
Melee: Unarmed           |     1 |       |       |       |       |       |       |       ||     1
       Short sword       |     8 |     7 |       |       |       |       |       |       ||    15
       Dagger            |       |    44 |   150 |       |       |       |       |       ||   194
       Trident           |       |       |   214 |    75 |       |       |       |       ||   289
       Tailslap          |       |       |     1 |       |       |     8 |       |       ||     9
       Halberd           |       |       |       |   947 |  1239 |       |       |       ||  2186
       Glaive            |       |       |       |       |   569 |  1658 |  2136 |   962 ||  5325
Throw: Stone             |       |    16 |    10 |    17 |     5 |       |       |       ||    48
       Javelin           |       |       |       |     5 |     9 |       |       |       ||    14
       Throwing net      |       |       |       |       |     2 |       |       |       ||     2
       Tomahawk          |       |       |       |       |     5 |    90 |    29 |    16 ||   140
 Cast: Freeze            |    46 |    75 |   252 |   191 |    54 |    36 |     1 |     9 ||   664
       Ozocubu's Armour  |       |     1 |    22 |    77 |    90 |   196 |   143 |    88 ||   617
       Throw Frost       |       |       |     4 |    41 |    27 |    64 |    56 |     3 ||   195
       Throw Icicle      |       |       |       |    13 |    95 |   190 |   102 |    46 ||   446
       Regeneration      |       |       |       |     4 |    11 |    21 |    38 |    10 ||    84
       Slow              |       |       |       |       |     3 |       |       |       ||     3
       Swiftness         |       |       |       |       |     1 |       |       |       ||     1
Invok: Lesser Servant of |       |       |       |    22 |    25 |    35 |    12 |    13 ||   107
       Greater Servant o |       |       |       |       |       |       |       |     1 ||     1
Evoke: Wand              |       |     2 |     1 |     3 |     1 |     5 |     1 |     1 ||    14
  Use: Scroll            |       |       |    13 |    13 |    15 |    23 |    12 |     3 ||    79
       Potion            |       |       |       |     2 |     1 |     5 |     3 |     1 ||    12
 Stab: Sleeping          |     2 |     7 |     2 |     7 |    16 |    14 |    10 |     2 ||    60
       Distracted        |     1 |       |       |     7 |     4 |     6 |    11 |     5 ||    34
       Paralysed         |       |       |       |       |     1 |       |       |       ||     1
  Eat: Chunk             |     4 |     9 |    26 |    45 |    49 |    23 |    42 |    16 ||   214
       Ration            |       |       |       |     5 |     5 |    17 |     7 |     1 ||    35
Armor: Leather armour    |     2 |    19 |   124 |    44 |       |       |       |       ||   189
       Robe              |       |       |       |   215 |   379 |   266 |   195 |   167 ||  1222
Dodge: Dodged            |    24 |    51 |   354 |   611 |  1113 |  1406 |  1687 |  1042 ||  6288
Block: Other             |       |       |       |       |       |       |       |     4 ||     4

Table legend:
 A = Non-vault XP
 B = Vault XP
 C = Vault XP percentage of total XP
 D = Non-vault monster count
 E = Vault monster count
 F = Vault count percentage of total count
                 A         B        C        D         E       F
            +---------+---------+-------+---------+---------+-------
      Total |  473571 |  290047 |  38.0 |    1269 |     546 |  30.1
            +---------+---------+-------+---------+---------+-------
        D:1 |      36 |       0 |   0.0 |      17 |       0 |   0.0
        D:2 |     105 |       0 |   0.0 |      22 |       0 |   0.0
        D:3 |     400 |       0 |   0.0 |      26 |       0 |   0.0
        D:4 |     430 |       0 |   0.0 |      20 |       0 |   0.0
        D:5 |     576 |       0 |   0.0 |      23 |       0 |   0.0
        D:6 |     800 |    2457 |  75.4 |      25 |      79 |  76.0
        D:7 |    1366 |    1025 |  42.9 |      28 |      11 |  28.2
        D:8 |    2007 |     464 |  18.8 |      22 |       2 |   8.3
        D:9 |    1009 |    1376 |  57.7 |      23 |       6 |  20.7
       D:10 |    3748 |    2912 |  43.7 |      44 |      39 |  47.0
       D:11 |    1109 |       0 |   0.0 |      10 |       0 |   0.0
       D:12 |     391 |       0 |   0.0 |       4 |       0 |   0.0
       D:13 |    3825 |     462 |  10.8 |      19 |       1 |   5.0
       D:14 |   15550 |    6178 |  28.4 |      41 |      11 |  21.2
       D:15 |   24671 |    3228 |  11.6 |      47 |       8 |  14.5
     Lair:1 |    3970 |    4043 |  50.5 |      18 |       7 |  28.0
     Lair:2 |    1703 |       0 |   0.0 |       8 |       0 |   0.0
     Lair:3 |    7470 |    4729 |  38.8 |      35 |      11 |  23.9
     Lair:4 |    5743 |       0 |   0.0 |      32 |       0 |   0.0
     Lair:5 |    9940 |       0 |   0.0 |      40 |       0 |   0.0
     Lair:6 |   12201 |    9722 |  44.3 |      45 |      18 |  28.6
    Swamp:1 |    5331 |    2686 |  33.5 |      15 |       4 |  21.1
    Swamp:2 |    7561 |    2587 |  25.5 |      17 |       4 |  19.0
    Swamp:3 |   13740 |    1087 |   7.3 |      38 |       2 |   5.0
    Swamp:4 |   19170 |   17630 |  47.9 |      43 |      29 |  40.3
    Snake:1 |   16970 |    2144 |  11.2 |      31 |       4 |  11.4
    Snake:2 |   16788 |       0 |   0.0 |      30 |       0 |   0.0
    Snake:3 |   19960 |    3010 |  13.1 |      44 |       5 |  10.2
    Snake:4 |   19707 |   40967 |  67.5 |      36 |      61 |  62.9
      Orc:1 |    1765 |    2474 |  58.4 |      26 |       5 |  16.1
      Orc:2 |    2162 |    6789 |  75.8 |      19 |      30 |  61.2
   Vaults:1 |   32116 |    4095 |  11.3 |      72 |      10 |  12.2
   Vaults:2 |   43975 |   19217 |  30.4 |      93 |      36 |  27.9
   Vaults:3 |   12302 |   28229 |  69.6 |      26 |      36 |  58.1
   Vaults:4 |   47604 |   30785 |  39.3 |      82 |      33 |  28.7
   Depths:1 |   26367 |    8033 |  23.4 |      40 |      17 |  29.8
   Depths:2 |   41106 |   26246 |  39.0 |      52 |      20 |  27.8
   Depths:3 |   26763 |   26897 |  50.1 |      35 |      44 |  55.7
   Depths:4 |   23134 |   30575 |  56.9 |      21 |      13 |  38.2
            +---------+---------+-------+---------+---------+-------
